APP
OAKLAND (APP) ATHLETICS @ SEATTLE (APP) MARINERS
08/23/2044
 
TOP OF THE 1ST
Oakland (APP) Athletics batting - Pitching for Seattle (APP) Mariners : RHP Kyle Ridgeway
Pitching: RHP Kyle Ridgeway
Batting: RHB Branden Mackie 0-0: Ball
1-0: Called Strike
1-1: Ball
2-1: Ground out 2-3 (Groundball, 2L, EV 69.4 MPH)
Batting: LHB Augustin Cormier 0-0: Ball
1-0: Ball
2-0: Foul Ball, location: 2F
2-1: Ball
3-1: Called Strike
3-2: Foul Ball, location: 2F
3-2: Foul Ball, location: 2F
3-2: Fly out, F8 (Flyball, 89D, EV 84.4 MPH)
Batting: RHB Josh Whaley 0-0: Called Strike
0-1: Foul Ball, location: 2F
0-2: Strikes out swinging
Top of the 1st over - 0 runs, 0 hits, 0 errors, 0 left on base; Oakland (APP) 0 - Seattle (APP) 0
BOTTOM OF THE 1ST
Seattle (APP) Mariners batting - Pitching for Oakland (APP) Athletics : RHP Victor Sanchez
Pitching: RHP Victor Sanchez
Batting: SHB Tony Morales 0-0: Ball
1-0: Ball
2-0: Ball
3-0: Base on Balls
Batting: RHB Mike Conaway 0-0: Called Strike
0-1: Ball
Tony Morales steals 2nd base (no throw)
1-1: Swinging Strike
1-2: Ball
2-2: Foul Ball, location: 2F
2-2: Ball
3-2: Foul Ball, location: 2F
3-2: Ground out 5-3 (Groundball, 56S, EV 72.5 MPH)
Tony Morales to third
Batting: LHB Omar Colunga 0-0: Ball
1-0: SINGLE (Flyball, 3D, EV 92.5 MPH)
Tony Morales scores
Batting: RHB Chris Olheiser 0-0: Ball
1-0: Foul Ball, location: 2F
1-1: Ball
Omar Colunga steals 2nd base
2-1: Ball
3-1: Called Strike
3-2: DOUBLE (Flyball, 8RXD, EV 107.5 MPH)
Omar Colunga scores
Batting: RHB Ivan Davila 0-0: Swinging Strike
0-1: Ball
1-1: SINGLE (Groundball, 6S, EV 68.8 MPH) (infield hit)
Chris Olheiser to third
Batting: RHB Tze-meng Li 0-0: Fly out, F9 (Flyball, 9, EV 78.1 MPH)
Batting: RHB Omar Solis 0-0: Foul Ball, location: 2F
0-1: Ball
1-1: Hit by Pitch
Ivan Davila to second
Batting: RHB John Vasquez 0-0: Called Strike
0-1: Ground out 3-1 (Groundball, 34S, EV 85.6 MPH)
Bottom of the 1st over - 2 runs, 3 hits, 0 errors, 3 left on base; Oakland (APP) 0 - Seattle (APP) 2
TOP OF THE 2ND
Oakland (APP) Athletics batting - Pitching for Seattle (APP) Mariners : RHP Kyle Ridgeway
Batting: RHB Steve Blackshear 0-0: Swinging Strike
0-1: Called Strike
0-2: Ball
1-2: Foul Ball, location: 2F
1-2: Fly out, F9 (Flyball, 9, EV 85.0 MPH)
Batting: RHB Tetsuya Shinoda 0-0: Ground out 5-3 (Groundball, 56, EV 101.3 MPH)
Batting: RHB Jon Coleman 0-0: Ground out 1-3 (Groundball, 13S, EV 65.0 MPH)
Top of the 2nd over - 0 runs, 0 hits, 0 errors, 0 left on base; Oakland (APP) 0 - Seattle (APP) 2
BOTTOM OF THE 2ND
Seattle (APP) Mariners batting - Pitching for Oakland (APP) Athletics : RHP Victor Sanchez
Batting: RHB Houston Brock 0-0: Ball
1-0: Foul Ball, location: 2F
1-1: Ball
2-1: Ball
3-1: Base on Balls
Batting: SHB Tony Morales 0-0: Called Strike
0-1: Ball
1-1: Called Strike
Houston Brock steals 2nd base
1-2: Ball
2-2: Ground out 5-3 (Groundball, 56S, EV 80.0 MPH)
Batting: RHB Mike Conaway 0-0: Ground out 5-3 (Groundball, 56, EV 101.3 MPH)
Batting: LHB Omar Colunga 0-0: Ball
Wild Pitch!
Houston Brock to third
1-0: Called Strike
1-1: Swinging Strike
1-2: Strikes out swinging
Bottom of the 2nd over - 0 runs, 0 hits, 0 errors, 1 left on base; Oakland (APP) 0 - Seattle (APP) 2
TOP OF THE 3RD
Oakland (APP) Athletics batting - Pitching for Seattle (APP) Mariners : RHP Kyle Ridgeway
Batting: LHB Gregg Power 0-0: Ball
1-0: Ground out 6-3 (Groundball, 4, EV 76.9 MPH)
Batting: SHB George Marshall 0-0: Called Strike
0-1: Fly out, F4 (Line Drive, 4, EV 65.0 MPH)
Batting: RHB Tim Anderson 0-0: Ball
1-0: Called Strike
1-1: Swinging Strike
1-2: Strikes out looking
Top of the 3rd over - 0 runs, 0 hits, 0 errors, 0 left on base; Oakland (APP) 0 - Seattle (APP) 2
BOTTOM OF THE 3RD
Seattle (APP) Mariners batting - Pitching for Oakland (APP) Athletics : RHP Victor Sanchez
Batting: RHB Chris Olheiser 0-0: Foul Ball, location: 2F
0-1: Ball
1-1: Ball
2-1: Foul Ball, location: 2F
2-2: Ball
3-2: DOUBLE (Flyball, 89D, EV 89.4 MPH)
Batting: RHB Ivan Davila 0-0: Called Strike
0-1: Called Strike
0-2: SINGLE (Groundball, 6MS, EV 70.0 MPH) (infield hit)
Chris Olheiser to third
Batting: RHB Tze-meng Li 0-0: Called Strike
0-1: SINGLE (Line Drive, 78M, EV 92.5 MPH)
Chris Olheiser scores
Ivan Davila to second
Batting: RHB Omar Solis 0-0: Fielders Choice at 2nd, 5-4 (Groundball, 56, EV 91.9 MPH)
Ivan Davila to third
Batting: RHB John Vasquez 0-0: Ball
1-0: Ball
2-0: SINGLE (Flyball, 34D, EV 83.1 MPH)
Ivan Davila scores
Omar Solis to second
Batting: RHB Houston Brock 0-0: Called Strike
0-1: Called Strike
0-2: Ball
Passed Ball!
Omar Solis to third
John Vasquez to second
1-2: Ground out 4-3 (Groundball, 4M, EV 89.4 MPH)
Omar Solis scores
John Vasquez to third
Batting: SHB Tony Morales 0-0: Ball
1-0: Ball
2-0: Ball
3-0: Base on Balls
Pitching: RHP Nick Cunningham
Batting: RHB Mike Conaway 0-0: Called Strike
0-1: Called Strike
0-2: Foul Ball, location: 2F
0-2: Foul Ball, location: 2F
0-2: Ball
1-2: Ball
2-2: Foul Ball, location: 2F
2-2: Foul Ball, location: 2F
2-2: Foul Ball, location: 2F
2-2: Ball
3-2: Strikes out swinging
Bottom of the 3rd over - 3 runs, 4 hits, 0 errors, 2 left on base; Oakland (APP) 0 - Seattle (APP) 5
TOP OF THE 4TH
Oakland (APP) Athletics batting - Pitching for Seattle (APP) Mariners : RHP Kyle Ridgeway
Batting: RHB Branden Mackie 0-0: Called Strike
0-1: Ball
1-1: Ball
2-1: Foul Ball, location: 2F
2-2: Strikes out looking
Batting: LHB Augustin Cormier 0-0: Ball
1-0: Ball
2-0: Called Strike
2-1: Swinging Strike
2-2: Foul Ball, location: 2F
2-2: Ball
3-2: Foul Ball, location: 2F
3-2: Ground out 4-3 (Groundball, 34D, EV 101.3 MPH)
Batting: RHB Josh Whaley 0-0: Ground out 6-3 (Groundball, 6, EV 91.9 MPH)
Top of the 4th over - 0 runs, 0 hits, 0 errors, 0 left on base; Oakland (APP) 0 - Seattle (APP) 5
BOTTOM OF THE 4TH
Seattle (APP) Mariners batting - Pitching for Oakland (APP) Athletics : RHP Nick Cunningham
Batting: LHB Omar Colunga 0-0: Foul Ball, location: 2F
0-1: DOUBLE (Line Drive, 78D, EV 103.1 MPH)
Batting: RHB Chris Olheiser 0-0: Called Strike
0-1: Ball
1-1: Foul Ball, location: 2F
1-2: Strikes out swinging
Batting: RHB Ivan Davila 0-0: Called Strike
0-1: SINGLE (Groundball, 5S, EV 69.4 MPH) (infield hit)
Omar Colunga to third
Batting: RHB Tze-meng Li 0-0: Ball
1-0: Called Strike
1-1: Called Strike
1-2: DOUBLE (Groundball, 5L, EV 106.9 MPH)
Omar Colunga scores
Ivan Davila to third
Batting: RHB Omar Solis 0-0: DOUBLE (Line Drive, 89XD, EV 109.4 MPH)
Ivan Davila scores
Tze-meng Li scores
Batting: RHB John Vasquez 0-0: Ball
1-0: DOUBLE (Line Drive, 78XD, EV 96.9 MPH)
Omar Solis scores
Pitching: LHP David Rodriguez
Batting: RHB Houston Brock 0-0: Ball
1-0: Foul Ball, location: 2F
1-1: Ground out 1-3 (Groundball, 13S, EV 73.1 MPH)
John Vasquez to third
Batting: SHB Tony Morales 0-0: Called Strike
0-1: Ball
1-1: Foul Ball, location: 2F
1-2: Foul Ball, location: 2F
1-2: Foul Ball, location: 2F
1-2: Ball
2-2: Fly out, F8 (Flyball, 78M, EV 86.9 MPH)
Bottom of the 4th over - 4 runs, 5 hits, 0 errors, 1 left on base; Oakland (APP) 0 - Seattle (APP) 9
TOP OF THE 5TH
Oakland (APP) Athletics batting - Pitching for Seattle (APP) Mariners : RHP Kyle Ridgeway
Batting: RHB Steve Blackshear 0-0: Foul Ball, location: 2F
0-1: Foul Ball, location: 2F
0-2: Foul Ball, location: 2F
0-2: Ground out 6-3 (Groundball, 6, EV 110.0 MPH)
Batting: RHB Tetsuya Shinoda 0-0: Called Strike
0-1: Foul Ball, location: 2F
0-2: Ball
1-2: Foul Ball, location: 2F
1-2: Fly out, F8 (Flyball, 8LXD, EV 109.4 MPH)
Batting: RHB Jon Coleman 0-0: Swinging Strike
0-1: Ground out 5-3 (Groundball, 56S, EV 78.8 MPH)
Top of the 5th over - 0 runs, 0 hits, 0 errors, 0 left on base; Oakland (APP) 0 - Seattle (APP) 9
BOTTOM OF THE 5TH
Seattle (APP) Mariners batting - Pitching for Oakland (APP) Athletics : LHP David Rodriguez
Batting: RHB Mike Conaway 0-0: Swinging Strike
0-1: Ball
1-1: Fly out, F4 (Popup, 13, EV 84.4 MPH)
Batting: LHB Omar Colunga 0-0: Ball
1-0: Called Strike
1-1: Ball
2-1: Foul Ball, location: 2F
2-2: Ball
3-2: Strikes out swinging
Batting: RHB Chris Olheiser 0-0: Ball
1-0: Called Strike
1-1: Ball
2-1: Swinging Strike
2-2: Strikes out swinging
Bottom of the 5th over - 0 runs, 0 hits, 0 errors, 0 left on base; Oakland (APP) 0 - Seattle (APP) 9
TOP OF THE 6TH
Oakland (APP) Athletics batting - Pitching for Seattle (APP) Mariners : RHP Kyle Ridgeway
Batting: LHB Gregg Power 0-0: Called Strike
0-1: Ground out U3 (Groundball, 23, EV 81.9 MPH)
Batting: SHB George Marshall 0-0: Swinging Strike
0-1: Called Strike
0-2: Ball
1-2: Ball
2-2: Fly out, F4 (Line Drive, 4, EV 70.6 MPH)
Batting: RHB Tim Anderson 0-0: Called Strike
0-1: Ball
1-1: Ball
2-1: Ball
3-1: Foul Ball, location: 2F
3-2: DOUBLE (Flyball, 89D, EV 103.1 MPH)
Batting: RHB Branden Mackie 0-0: Called Strike
0-1: Ball
1-1: Foul Ball, location: 2F
1-2: Fly out, F8 (Flyball, 8RM, EV 75.6 MPH)
Top of the 6th over - 0 runs, 1 hit, 0 errors, 1 left on base; Oakland (APP) 0 - Seattle (APP) 9
BOTTOM OF THE 6TH
Seattle (APP) Mariners batting - Pitching for Oakland (APP) Athletics : LHP David Rodriguez
Batting: RHB Ivan Davila 0-0: Called Strike
0-1: Ball
1-1: Swinging Strike
1-2: Foul Ball, location: 2F
1-2: Ball
2-2: Ground out 5-3 (Groundball, 5, EV 98.1 MPH)
Batting: RHB Tze-meng Li 0-0: Ball
1-0: Ball
2-0: Called Strike
2-1: SINGLE (Groundball, 56D, EV 98.8 MPH)
Pitching: LHP David Arnold
Batting: RHB Omar Solis 0-0: Hit by Pitch
Tze-meng Li to second
Batting: RHB John Vasquez 0-0: SINGLE (Groundball, 56D, EV 98.1 MPH)
Tze-meng Li to third
Omar Solis to second
Batting: RHB Houston Brock 0-0: Ball
1-0: DOUBLE (Line Drive, 8LD, EV 102.5 MPH)
Tze-meng Li scores
Omar Solis scores
John Vasquez to third
Batting: SHB Tony Morales 0-0: Foul Ball, location: 2F
0-1: Ground out 6-3 (Groundball, 6, EV 83.8 MPH)
John Vasquez scores
Houston Brock to third
Batting: RHB Mike Conaway 0-0: Swinging Strike
0-1: Ball
1-1: Swinging Strike
1-2: Ball
2-2: Ball
3-2: Strikes out looking
Bottom of the 6th over - 3 runs, 3 hits, 0 errors, 1 left on base; Oakland (APP) 0 - Seattle (APP) 12
TOP OF THE 7TH
Oakland (APP) Athletics batting - Pitching for Seattle (APP) Mariners : RHP Kyle Ridgeway
Batting: LHB Augustin Cormier 0-0: Ball
1-0: Foul Ball, location: 2F
1-1: Ball
2-1: Ball
3-1: Foul Ball, location: 2F
3-2: Base on Balls
Pinch Hitting: LHB Mark Friedmann 0-0: Ball
1-0: Ball
Wild Pitch!
Augustin Cormier to second
2-0: Called Strike
2-1: Fly out, F6 (Popup, 6MS, EV 75.0 MPH)
Batting: RHB Steve Blackshear 0-0: Foul Ball, location: 2F
0-1: Ground out 6-3 (Groundball, 56, EV 89.4 MPH)
Pinch Hitting: LHB Roscoe Romaine 0-0: Called Strike
0-1: Ball
1-1: Foul Ball, location: 2F
1-2: Foul Ball, location: 2F
1-2: Strikes out swinging
Top of the 7th over - 0 runs, 0 hits, 0 errors, 1 left on base; Oakland (APP) 0 - Seattle (APP) 12
BOTTOM OF THE 7TH
Seattle (APP) Mariners batting - Pitching for Oakland (APP) Athletics : LHP David Arnold
Now at 1B: Roscoe Romaine
Now in CF: Mark Friedmann
Batting: LHB Omar Colunga 0-0: Called Strike
0-1: Foul Ball, location: 2F
0-2: Fly out, F8 (Flyball, 8LM, EV 80.6 MPH)
Batting: RHB Chris Olheiser 0-0: Ball
1-0: Ground out 5-3 (Groundball, 5, EV 101.9 MPH)
Batting: RHB Ivan Davila 0-0: Fly out, F9 (Flyball, 9LM, EV 80.6 MPH)
Bottom of the 7th over - 0 runs, 0 hits, 0 errors, 0 left on base; Oakland (APP) 0 - Seattle (APP) 12
TOP OF THE 8TH
Oakland (APP) Athletics batting - Pitching for Seattle (APP) Mariners : RHP Kyle Ridgeway
Batting: RHB Jon Coleman 0-0: Ball
1-0: Ball
2-0: Foul Ball, location: 2F
2-1: Called Strike
2-2: Ground out 6-3 (Groundball, 56, EV 85.0 MPH)
Batting: LHB Gregg Power 0-0: Swinging Strike
0-1: Ball
1-1: Called Strike
1-2: Strikes out looking
Batting: SHB George Marshall 0-0: Swinging Strike
0-1: Ground out 3-1 (Groundball, 34S, EV 89.4 MPH)
Top of the 8th over - 0 runs, 0 hits, 0 errors, 0 left on base; Oakland (APP) 0 - Seattle (APP) 12
BOTTOM OF THE 8TH
Seattle (APP) Mariners batting - Pitching for Oakland (APP) Athletics : LHP David Arnold
Pinch Hitting: LHB Chang Huie 0-0: Ball
1-0: Called Strike
1-1: Swinging Strike
1-2: Strikes out looking
Batting: RHB Omar Solis 0-0: Called Strike
0-1: Called Strike
0-2: Hit by Pitch
Batting: RHB John Vasquez 0-0: Ball
1-0: Ball
2-0: Ball
3-0: Called Strike
3-1: Called Strike
3-2: SINGLE (Groundball, 13S, EV 70.0 MPH) (infield hit)
Omar Solis to second
DELAY Rain delay of 57 minutes in the 8th inning.
Pitching: LHP Daniel Aguayo
Batting: RHB Houston Brock 0-0: Fielders Choice at 2nd, 3-6 (Groundball, 34S, EV 86.9 MPH)
Omar Solis to third
Pinch Hitting: RHB Tomokazu Sugimoto 0-0: Fielders Choice at 2nd, 5-4 (Groundball, 56, EV 97.5 MPH)
Bottom of the 8th over - 0 runs, 1 hit, 0 errors, 2 left on base; Oakland (APP) 0 - Seattle (APP) 12
TOP OF THE 9TH
Oakland (APP) Athletics batting - Pitching for Seattle (APP) Mariners : RHP Kyle Ridgeway
Pitching: RHP Jose Rios
Now at 2B: Tomokazu Sugimoto
Now at 3B: Chang Huie
Batting: RHB Tim Anderson 0-0: Called Strike
0-1: Called Strike
0-2: Ball
1-2: Strikes out swinging
Batting: RHB Branden Mackie 0-0: Ball
1-0: Foul Ball, location: 2F
1-1: Ball
2-1: Ground out 4-3 (Groundball, 4M, EV 85.0 MPH)
Batting: LHB Augustin Cormier 0-0: Fly out, F5 (Popup, 5, EV 64.4 MPH)
Top of the 9th over - 0 runs, 0 hits, 0 errors, 0 left on base; Oakland (APP) 0 - Seattle (APP) 12
Thursday, March 31st , 2022 - OOTP Baseball 22.12 Build 89